Unix NetHack Version 5.0.0-0 post-release - last build May 31 2026 23:59:36 (970b52f25bf058293b47ddfd14a1e40e571c508c,branch:main).

Game began 2026-06-08 00:07:12, ended 2026-06-08 00:41:35.

Felix1, neutral male human Wizard

                              ----
                               ...
                                 ..#
                                   M
                                   @#
                                    #
                                    #                #
                                    #           -----|--
                                    #          #-..<...|    ---------
                                    #          #|.......####-....(..|
                                    #          #|......|    |.......|
                                    ###-----  ##|......|    |.......|
                                      #-...|  # |......|    |.......|
                                       |...|##  |.`....|    ---------
                                       |.>..#   --------
                                       |...|
                                       -----

Felix1 the Thaumaturge    St:3 Dx:11 Co:17 In:18 Wi:8 Ch:10  Neutral
Dlvl:6  $:59 HP:0(44) Pw:44(44) AC:9  Xp:6 T:3361  Burdened

Latest messages:
 You see here an empty unlocked large box.
 The air crackles around the kobold shaman.
 You already found a monster.  Use 'm' prefix to force another search.
 You lack the strength to cast spells.
 You miss the kobold shaman.
 The kobold shaman points at you, then curses.
 You lack the strength to cast spells.
 You miss the kobold shaman.
 The kobold shaman points at you, then curses.
 The kobold shaman points at you, then curses.
 You lack the strength to cast spells.
 You hit the kobold shaman.
 You miss the kobold shaman.
 The kobold shaman points all around, then curses.
 You hit the kobold shaman.
 You kill the kobold shaman!
 Welcome to experience level 6.
 You see here a kobold shaman corpse.
 There is a kobold shaman corpse here; eat it? [ynq] (n) y
 Ecch - that must have been poisonous!
 You finish eating the kobold shaman corpse.
 You find a hidden passage.
 The gnome mummy hits!
 You lack the strength to cast spells.
 You hit the gnome mummy!
 The gnome mummy hits!
 The gnome mummy hits!
 You lack the strength to cast spells.
 You miss the gnome mummy.
 The gnome mummy hits!
 Are you sure you want to pray? [yn] (n) y
 You begin praying to Thoth.
 You are surrounded by a shimmering light.
 The gnome mummy starts to attack you, but pulls back.
 The gnome mummy starts to attack you, but pulls back.
 You hear water falling on coins.
 You finish your prayer.
 You feel that Thoth is well-pleased.
 You lack the strength to cast spells.
 You hit the gnome mummy!
 The gnome mummy hits!
 You miss the gnome mummy.
 The gnome mummy hits!
 The gnome mummy hits!
 You die...
 Do you want your possessions identified? [ynq] (y) y
 Do you want to see your attributes? [ynq] (y) y
 Do you want an account of creatures vanquished? [ynaq] (y) y
 Do you want to see your conduct and achievements? [ynq] (y) y
 Do you want to see the dungeon overview? [ynq] (y) y

Inventory:
 Coins    ('$')
  $ - 59 gold pieces
 Weapons  (')')
  I - a cursed +0 crossbow bolt
  a - a blessed +1 quarterstaff (weapon in hands)
 Armor    ('[')
  b - an uncursed +0 cloak of magic resistance (being worn)
 Comestibles  ('%')
  J - 6 cursed apples
  K - 13 cursed carrots
  z - 2 uncursed food rations
  L - 2 cursed fortune cookies
  u - an uncursed tin of candied lichen
 Scrolls  ('?')
  X - an uncursed scroll of destroy armor
  G - a cursed scroll of earth
  j - an uncursed scroll of enchant armor
  A - a blessed scroll of punishment
  k - an uncursed scroll of remove curse
  v - an uncursed scroll of scare monster
  i - an uncursed scroll of stinking cloud
 Spellbooks  ('+')
  M - a cursed spellbook of cause fear
  t - an uncursed spellbook of create familiar
  l - a blessed spellbook of force bolt
  m - an uncursed spellbook of healing
  Y - an uncursed spellbook of remove curse
 Potions  ('!')
  f - an uncursed potion of healing
  g - an uncursed potion of invisibility
  B - an uncursed potion of monster detection
  Z - an uncursed potion of oil
  h - an uncursed potion of see invisible
  F - an uncursed potion of speed
 Rings    ('=')
  d - an uncursed ring of poison resistance
  e - an uncursed ring of sustain ability
 Wands    ('/')
  c - a wand of cold (0:8)
  w - a wand of opening (0:8)
 Tools    ('(')
  o - an uncursed blindfold
  n - a magic marker (0:21)
  W - an uncursed skeleton key
  E - 7 uncursed tallow candles
 Gems/Stones  ('*')
  H - an uncursed worthless piece of white glass
  N - a cursed worthless piece of yellowish brown glass

Felix1 the Wizard's attributes:

Background:
 You were a Thaumaturge, a level 6 male human Wizard.
 You were neutral, on a mission for Thoth
 who was opposed by Ptah (lawful) and Anhur (chaotic).
 You were right-handed.
 You were in the Dungeons of Doom, on level 6.
 You entered the dungeon 3361 turns ago.
 It was the midnight hour.
 You had 323 experience points, 317 more were needed to attain level 7.

Basics:
 You had 0 out of 44 hit points.
 You had all 44 energy points (spell power).
 Your armor class was 9.
 Your wallet contained 59 zorkmids.
 Autopickup was off.

Final Characteristics:
 Your strength was 3 (peak:10, limit:18/100).
 Your dexterity was 11 (peak:12, limit:18).
 Your constitution was 17 (limit:18).
 Your intelligence was 18 (limit:18).
 Your wisdom was 8 (peak:9, limit:18).
 Your charisma was 10 (limit:18).

Final Status:
 You weren't hungry.
 You were burdened; movement was slightly slowed.
 You were wielding a quarterstaff.
 You had basic skill with quarterstaff.

Final Attributes:
 You were piously aligned.
 You were magic-protected.
 You were warded.
 You are dead.

Miscellaneous:
 You encountered 1 bones level.
 Total elapsed playing time was 34 minutes and 23 seconds.

Major events:
 Turn
    1: Felix1 the neutral male human Wizard entered the dungeon
  897: attained the rank of Conjurer (level 3)
 1784: entered the Gnomish Mines
 3210: attained the rank of Thaumaturge (level 6)
 3361: killed by a gnome mummy

Spells:
 Name                 Level Category     Fail Retention
 force bolt             1   attack         0%   81%-90%
 healing                1   healing        0%  76%-100%
 create familiar        6   clerical      98%  76%-100%

Skills:
 Fighting Skills
   bare handed combat [Unskilled]
   riding             [Unskilled]
 Weapon Skills
   dagger             [Unskilled]
   knife              [Unskilled]
   axe                [Unskilled]
   short sword        [Unskilled]
   club               [Unskilled]
   mace               [Unskilled]
   quarterstaff       [Basic]
   polearms           [Unskilled]
   spear              [Unskilled]
   trident            [Unskilled]
   sling              [Unskilled]
   dart               [Unskilled]
   shuriken           [Unskilled]
 Spellcasting Skills
   attack spells      [Basic]
   healing spells     [Unskilled]
   divination spells  [Unskilled]
   enchantment spells [Basic]
   clerical spells    [Unskilled]
   escape spells      [Unskilled]
   matter spells      [Unskilled]

Voluntary challenges:
 Character rerolling was not enabled.
 You never genocided any monsters.
 You never polymorphed an object.
 You never changed form.
 You used no wishes.
Achievements:
 You attained the rank of Conjurer.
 You entered a shop.
 You entered the Gnomish Mines.
 You attained the rank of Thaumaturge.

 The Dungeons of Doom: levels 1 to 6
    Level 1:
       A fountain.
    Level 2:
       Many fountains, a sink.
    Level 3:
       A general store, a fountain.
    Level 4:
       A general store.
       Stairs down to The Gnomish Mines.
    Level 5:
       Some graves.
       Final resting place for
          dimothysimothy-Cav-Dwa-Fem-Law, killed by a pony,
          pots164-Kni-Hum-Mal-Law, slipped while mounting a saddled pony.
    Level 6: <- You were here.
       Final resting place for
          you, killed by a gnome mummy.
 The Gnomish Mines:
    Level 5:


Vanquished creatures:
  2 ghosts
  a leprechaun
  a pony
  a floating eye
  a dwarf
  a homunculus
  a kobold shaman
  a rabid rat
  a wererat
  2 iguanas
  a gas spore
  3 hobbits
  a large kobold
  a hobgoblin
  4 giant rats
  a brown mold
  2 yellow molds
  a red mold
  6 gnomes
  4 geckos
  5 jackals
  a fox
  3 goblins
  2 grid bugs
  4 lichens
  a kobold zombie
  a newt
53 creatures vanquished.

No species were genocided or became extinct.

Game over:
                       ----------
                      /          \
                     /    REST    \
                    /      IN      \
                   /     PEACE      \
                  /                  \
                  |      Felix1      |
                  |      59 Au       |
                  |   killed by a    |
                  |   gnome mummy    |
                  |                  |
                  |                  |
                  |       2026       |
                 *|     *  *  *      | *
        _________)/\\_//(\/(/\)/\//\/|_)_______

Goodbye Felix1 the Wizard...

You died in The Dungeons of Doom on dungeon level 6 with 1596 points,
and 59 pieces of gold, after 3361 moves.
You were level 6 with a maximum of 44 hit points when you died.

